Map: 2000 Atmospheres LE

Players

AGOElazer (Elazer) - Winner!

  • Race: Zerg Zerg
  • League: Grandmaster

SKillous

  • Race: Protoss Protoss
  • League: Grandmaster

Event: DreamHack SC2 Masters 2021 Summer

VOD

Have the link to the VOD?

Description

Time

  • Played on: June 3, 2021, 9:05 a.m.
  • Length: 4:20

All games in this series

Show
View Real Time Build Order
Export as new Build Order

AGOElazer Zerg - Winner!

Build Orders: Hatch First 

Get SALT Encoding   

  12  0:00  Drone  
  13  0:12  Overlord  
  13  0:18  Drone  
  14  0:30  Drone x2  
  16  0:41  Drone  
  17  0:51  Hatchery  
  17  0:55  Drone  
  17  0:58  Drone  
  17  1:01  Extractor  
  17  1:13  Spawning Pool  
  16  1:19  Drone  
  16  1:24  Drone  
  18  1:29  Drone  
  19  1:39  Drone  
  20  1:49  Overlord  
  20  2:00  Queen  
  22  2:02  Metabolic Boost  
  22  2:03  Queen  
  22  2:05  Zergling x2  
  25  2:08  Zergling x2  
  25  2:11  Zergling x2  
  27  2:16  Drone  
  27  2:21  Drone  
  29  2:25  Drone  
  30  2:32  Overlord  
  30  2:40  Zergling x2  
  30  2:43  Hatchery  
  30  2:49  Zergling x4  
  32  2:57  Zergling x4  
  34  3:00  Spore Crawler  
  34  3:04  Zergling x2  
  35  3:10  Zergling x8  
  38  3:13  Zergling x6  
  41  3:20  Zergling x2  
  41  3:26  Zergling x2  
  42  3:30  Overlord  
  42  3:33  Zergling x2  
  42  3:39  Zergling x2  
  40  3:43  Zergling x8  
  40  3:47  Zergling x2  
  42  3:54  Zergling x4  
  42  3:58  Zergling x2  
Show
View Real Time Build Order
Export as new Build Order

SKillous Protoss 

Build Orders: 1 Gate Expand, Oracle Opening 

Get SALT Encoding   

  12  0:00  Probe  
  13  0:12  Probe  
  14  0:22  Pylon  
  14  0:24  Probe  
  15  0:40  Probe (Chrono Boost)  
  15  0:41  Gateway  
  16  0:48  Probe (Chrono Boost)  
  16  0:49  Assimilator  
  17  0:54  Probe  
  18  1:06  Probe  
  19  1:18  Probe  
  20  1:28  Nexus  
  20  1:38  Cybernetics Core  
  20  1:39  Probe  
  21  1:45  Assimilator  
  21  1:51  Probe  
  21  1:54  Pylon  
  22  2:03  Probe  
  23  2:11  Adept (Chrono Boost)  
  23  2:15  Probe  
  26  2:16  Stargate  
  26  2:27  Probe (Chrono Boost)  
  27  2:34  Adept  
  30  2:38  Probe (Chrono Boost)  
  30  2:42  Probe (Chrono Boost)  
  31  2:47  Probe (Chrono Boost)  
  31  2:49  Probe (Chrono Boost)  
  33  2:54  Probe x2 (Chrono Boost), Void Ray (Chrono Boost)  
  39  3:06  Probe  
  39  3:14  Probe  
  39  3:19  Probe  
  41  3:23  Pylon  
  41  3:26  Gateway  
  36  3:35  Oracle (Chrono Boost)  
  33  3:53  Probe x2  
  29  4:07  Probe x2  
Tags
 
Add a new tag
Caveats
  • Supply blocks, unpowered buildings, or Contaminate may cause inaccurate times.
  • Supply counts are checked every 10 seconds.